 Dungeon Crawl Stone Soup version 0.26.1-11-gd32895ea62 (webtiles) character file.

Game seed: 3279202127375142679

65996 Johnson the Severer (level 14, -31/129 HPs)
             Began as a Demonspawn Fighter on June 21, 2021.
             Was the Champion of Yredelemnul.
             Annihilated by a stone giant (47 damage)
             ... on level 1 of the Orcish Mines.
             The game lasted 01:33:54 (23535 turns).

Johnson the Severer (Demonspawn Fighter)           Turns: 23535, Time: 01:33:55

Health: -31/129    AC: 20    Str: 21    XL:     14   Next: 77%
Magic:  0/21       EV:  8    Int:  5    God:    Yredelemnul [******]
Gold:   2094       SH: 13    Dex: 17    Spells: 13/13 levels left

rFire    + + +     SeeInvis +   Y - +9 broad axe "Fyaschu" {vorpal, rF++ rC++ Int-5 SInv}
rCold    + + +     Faith    +   c - +1 kite shield
rNeg     . . .     Spirit   +   B - +4 scale mail {rPois}
rPois    +         Reflect  .   (helmet unavailable)
rElec    +         Harm     .   N - +2 cloak of the Elven Halls {rElec rPois rC+ Dex+4}
rCorr    +         Rampage  .   (no gloves)
Will     +....                  Z - +2 pair of boots
Stlth    ..........             z - amulet of faith
HPRegen  0.31/turn              l - ring of protection from fire
MPRegen  0.34/turn              Q - ring of resist corrosion

@: berserk cooldown, hasted and slowed, silenced
A: beak, horns 3, rugged brown scales 2, blurry vision 1, demonic guardian 2,
robust 1, magic shield, magic regeneration
a: Renounce Religion


You were on level 1 of the Orcish Mines.
You worshipped Yredelemnul.
Yredelemnul was exalted by your worship.
You visited 3 branches of the dungeon, and saw 20 of its levels.
You also visited: Ossuary and Bailey.

You collected 2380 gold pieces.
You spent 286 gold pieces at shops.

Inventory:

Hand Weapons
 a - a +3 war axe of protection
 k - the +3 dagger of the Establishment {drain, rC+}
   (You found it on level 2 of the Lair of Beasts)

   A truly terrible weapon, it drains the life of those it strikes.
   It protects you from cold.
 Y - the +9 broad axe "Fyaschu" (weapon) {vorpal, rF++ rC++ Int-5 SInv}
   (You found it on level 11 of the Dungeon)

   It inflicts extra damage upon your enemies.
   It affects your intelligence (-5).
   It greatly protects you from fire.
   It greatly protects you from cold.
   It lets you see invisible.
Missiles
 m - 399 stones
 H - 45 poisoned darts (quivered)
Armour
 c - a +1 kite shield (worn)
 e - a +0 pair of boots
 q - a +1 pair of boots
 B - a +4 scale mail of poison resistance (worn)
 N - the +2 cloak of the Elven Halls (worn) {rElec rPois rC+ Dex+4}
   (You acquired it on level 2 of the Lair of Beasts)

   It affects your dexterity (+4).
   It protects you from cold.
   It insulates you from electricity.
   It protects you from poison.
 V - the cursed +0 cloak of Hide-and-Seek {Harm rF+}
   (You found it on level 3 of the Lair of Beasts)

   It protects you from fire.
   It increases damage dealt and taken.
   It has a curse placed upon it.
 Z - a +2 pair of boots (worn)
Jewellery
 b - the ring "Vuelao" {rC- AC+4 Str+3 Int+4}
   (You found it on level 2 of the Lair of Beasts)

   [ring of protection]

   It affects your AC (+4).
   It affects your strength (+3).
   It affects your intelligence (+4).
   It makes you vulnerable to cold.
 i - an uncursed ring of see invisible
 l - a ring of protection from fire (left hand)
 o - a +6 ring of strength
 u - an uncursed amulet of the acrobat
 w - an uncursed ring of flight
 y - an uncursed ring of poison resistance
 z - an amulet of faith (around neck)
 D - an uncursed ring of teleportation
 Q - a ring of resist corrosion (right hand)
Wands
 I - a wand of digging (3)
Scrolls
 d - 8 scrolls of enchant armour
 f - a scroll of immolation
 h - 13 scrolls of teleportation
 p - 4 scrolls of fear
 r - 2 scrolls of identify
 x - a scroll of blinking
 F - 2 scrolls of silence
 L - 3 scrolls of fog
 R - 3 scrolls of magic mapping
 S - 4 scrolls of enchant weapon
 U - 4 scrolls of remove curse
Potions
 g - 2 potions of brilliance
 j - 6 potions of curing
 n - 3 potions of lignification
 t - 2 potions of resistance
 v - a potion of magic
 A - 2 potions of mutation
 C - 3 potions of might
 K - a potion of flight
 M - a potion of berserk rage
 O - 3 potions of cancellation
 T - a potion of haste


   Skills:
 + Level 11.1 Fighting
 + Level 15.7 Axes
 - Level 5.9 Armour
 * Level 10.3 Shields
 + Level 3.3 Earth Magic
 + Level 3.7 Poison Magic
 + Level 10.5 Invocations


You had 13 spell levels left.
You didn't know any spells.
Your spell library contained the following spells:

 Spells                   Type           Power        Failure   Level
 Sandblast                Erth           6%           54%         1
 Passwall                 Tmut/Erth      0%           88%         2
 Animate Skeleton         Necr           0%           94%         1
 Corona                   Hex            0%           94%         1
 Pain                     Necr           0%           94%         1
 Summon Small Mammal      Summ           0%           94%         1
 Call Imp                 Summ           0%           98%         2
 Slow                     Hex            0%           98%         2
 Stone Arrow              Conj/Erth      2%           98%         3
 Call Canine Familiar     Summ           0%           100%        3
 Inner Flame              Hex/Fire       0%           100%        3
 Portal Projectile        Hex/Tloc       0%           100%        3
 Summon Guardian Golem    Hex/Summ       0%           100%        3
 Vampiric Draining        Necr           0%           100%        3
 Animate Dead             Necr           0%           100%        4
 Cause Fear               Hex            0%           100%        4
 Leda's Liquefaction      Hex/Erth       0%           100%        4
 Petrify                  Tmut/Erth      1%           100%        4
 Summon Ice Beast         Ice/Summ       0%           100%        4
 Summon Lightning Spire   Summ/Air       0%           100%        4
 Agony                    Necr           0%           100%        5
 Lee's Rapid Deconstruct  Erth           1%           100%        5


Dungeon Overview and Level Annotations

Branches:
Dungeon (14/15)            Temple (0/1) D:6            Lair (5/6) D:10
 Shoals (0/4) Lair:2       Spider (0/4) Lair:2        Slime (0/5) Lair:5
    Orc (1/2) D:12         Vaults (0/5) D:14        Ossuary (visited)
 Bailey (visited)

Altars:
Dithmenos
Elyvilon
Kikubaaqudgha
Makhleb
Nemelex Xobeh
Okawaru
Qazlal
Ru
Sif Muna
Trog
Wu Jian
Xom
Yredelemnul
Beogh

Shops:
D:5 (   D:6 *   D:8 ?

Annotations:
Orc:1 1 transporter, 1 runed translucent door


Innate Abilities, Weirdness & Mutations

You have a pair of large horns on your head.
You are mostly covered in rugged brown scales. (AC +2, +5% HP)
A demonic guardian rushes to your aid.
When hurt, damage is shared between your health and your magic reserves.
You regenerate magic rapidly.
You have a beak for a mouth.
Scrolls take you a little longer to read.
You are robust. (+10% HP)


Message History

The two-headed ogre looks more energetic.
The moth of wrath goads the two-headed ogre on!
The two-headed ogre goes berserk!
You barely miss the two-headed ogre. You headbutt the two-headed ogre!
You peck the two-headed ogre, but do no damage.
The two-headed ogre is almost dead.
You slash the orc knight!
You kill the orc knight!
Yredelemnul accepts your kill.
You hit the stone giant.
You are no longer berserk.
You are exhausted.
You feel yourself slow down. The two-headed ogre barely misses you.
The two-headed ogre hits you with a +0 giant spiked club!!
* * * LOW HITPOINT WARNING * * *
You feel better.
You feel less invigorated.
The moth of wrath goads the stone giant on!
The stone giant goes berserk!
The stone giant hits you!!!
You die...
Your body rises from the dead as a mindless zombie.

.. .#.########...###.O⌠..#§#
.#.##...#...#y#...#y#T....###
#......#...V###''####C3...##.
#.......#...ZV##...###[[}..##.
............Vz##©÷!#W+_:(..##©
...##......W.z##...###)[(..##.
.....#......V###''####$$...##.
............n#y#3Cn#y#$....###
.......z..######@OT###..⌠..#☼#
.......z.## ##T..O......###
.......V## ##.)(((....#y#
......n.## #############
)...V....#


#○#yeeee# .....##.## ######### ..ZWz.### ..#..## ..#..z### You could see a stone
giant (berserk), a deep elf sorcerer, a deep elf elementalist (repels missiles),
2 two-headed ogres, 2 moths of wrath, 2 trolls, 2 friendly ghouls, a friendly
soul eater (summoned) and a friendly vampire.

Vanquished Creatures
  2 hydras
  A boulder beetle (D:11)
  4 two-headed ogres
  A centaur warrior (D:14)
  The ghost of swarr the Basher, a journeyman GrFi of the Shining One (D:11)
  2 orc knights (Orc:1)
  2 oklob plants
  3 cyclopes
  4 elephants (Lair:4)
  2 black mambas
  Psyche (D:12)
  A torpor snail (Lair:2)
  3 gargoyles (D:10)
  4 cane toads
  3 komodo dragons
  2 trolls
  A polar bear (Lair:4)
  A hornet (D:12)
  6 slime creatures (D:13)
  6 blink frogs (Lair:5)
  Sigmund (D:3)
  A centaur simulacrum (D:11)
  A wyvern (Lair:3)
  A human (D:2)
  20 yaks
  A spriggan (Lair:4)
  2 wraiths (D:14)
  3 basilisks
  Menkaure (D:4)
  Edmund (D:6)
  6 water moccasins
  3 ice beasts
  2 sky beasts (D:6)
  2 black bears
  12 orc warriors
  5 ogres
  A phantom (D:7)
  2 necrophages
  13 centaurs
  10 wolves
  9 bullfrogs
  Blork the orc (D:5)
  A gnoll sergeant (D:8)
  3 scorpions
  6 wights
  3 howler monkeys
  6 hounds
  A human zombie (Ossuary)
  A centaur zombie (D:9)
  5 jellies
  11 orc priests
  3 centaur skeletons
  4 orc wizards
  Jessica (D:2)
  3 iguanas
  10 worker ants
  A hell rat (Lair:2)
  3 big kobold zombies (Ossuary)
  A hound skeleton (D:5)
  2 mummies (Ossuary)
  2 howler monkey zombies
  2 worker ant zombies (D:5)
  13 adders
  10 gnolls
  4 river rats (Lair:2)
  4 shadow imps
  6 white imps
  A worker ant simulacrum (D:10)
  An ooze (D:1)
  2 ufetubi (D:5)
  2 adder skeletons (D:4)
  A dart slug (D:1)
  2 leopard geckos
  61 orcs
  A ball python (D:4)
  13 bats
  6 giant cockroaches
  3 gnoll zombies (Ossuary)
  8 hobgoblins
  2 jackals (D:1)
  A quokka (D:2)
  A ball python zombie (D:6)
  3 frilled lizards
  3 goblins
  A goblin zombie (Ossuary)
  4 hobgoblin zombies (Ossuary)
  6 kobolds
  2 orc zombies (Ossuary)
  2 quokka zombies
  9 rats
389 creatures vanquished.

Vanquished Creatures (collateral kills)
  Louise (D:14)
  A fire dragon (D:14)
  Josephine (D:14)
  6 hydras
  A centaur warrior (D:14)
  The ghost of e0n the Reanimator, a journeyman DsNe of Makhleb (D:10)
  2 dancing weapons (D:14)
  A two-headed ogre (D:11)
  5 death yaks (Lair:5)
  A wizard (D:14)
  An ugly thing (D:13)
  2 orc knights (Orc:1)
  An orb spider (Lair:2)
  3 oklob plants (Lair:3)
  A manticore (D:11)
  7 elephants
  A cyclops (D:14)
  A black mamba (Lair:4)
  A spectral centaur (D:11)
  2 gargoyles
  A centaur skeleton (D:12)
  2 rime drakes (Lair:3)
  Maggie (D:7)
  3 cane toads
  3 komodo dragons
  5 trolls
  Grinder (D:6)
  A hornet (D:8)
  12 blink frogs (Lair:5)
  2 centaur simulacra
  5 slime creatures
  29 yaks
  A shadow (D:13)
  2 wyverns
  A vampire (D:12)
  4 wraiths (D:14)
  5 basilisks
  11 water moccasins
  3 black bears
  2 ice beasts
  2 sky beasts
  A hornet zombie (D:10)
  2 phantoms
  5 orc warriors
  4 ogres
  9 wolves
  9 centaurs
  A big kobold (D:6)
  9 bullfrogs
  A gnoll sergeant (D:10)
  A scorpion (D:9)
  2 wights
  A bullfrog zombie (D:12)
  6 howler monkeys
  3 centaur zombies
  2 hounds
  A bullfrog skeleton (D:8)
  2 orc priests
  A jelly (D:10)
  A hell rat (Lair:2)
  6 orc wizards
  7 worker ants
  A hound zombie (D:10)
  6 gnolls
  5 river rats (Lair:2)
  2 adders (D:11)
  A shadow imp (D:10)
  2 white imps (D:10)
  A worker ant simulacrum (D:10)
  An ufetubus (D:6)
  2 leopard geckos
  16 orcs
  4 goblins (D:8)
  2 kobolds (D:6)
  A bush (Lair:5)
  A fungus (Lair:4)
  2 plants (Lair:3)
257 creatures vanquished.

Vanquished Creatures (others)
  A bone dragon (Orc:1)
  A skeletal warrior (Orc:1)
  3 phantasmal warriors
  10 flying skulls
  A wraith (Orc:1)
  A vampire (D:14)
  4 wights
  A bullfrog zombie (D:6)
  A water moccasin zombie (Lair:2)
  A big kobold zombie (D:6)
  A giant cockroach zombie (D:4)
  2 hound zombies
  A kobold zombie (D:6)
  An orc skeleton (D:11)
  9 orc zombies
  A worker ant zombie (D:4)
  91 fungi
  143 plants
273 creatures vanquished.

Grand Total: 919 creatures vanquished

Notes
Turn   | Place    | Note
-------+----------+-------------------------------------------
     0 | D:1      | Johnson the Demonspawn Fighter began the quest for the Orb.
     0 | D:1      | Reached XP level 1. HP: 18/18 MP: 1/1
    70 | D:1      | Reached skill level 2 in Axes
   197 | D:1      | Gained mutation: You have a pair of small horns on your
                  | head. [demonic ancestry]
   197 | D:1      | Reached XP level 2. HP: 22/24 MP: 2/2
   606 | D:1      | Gained mutation: When hurt, damage is shared between your
                  | health and your magic reserves. [demonic ancestry]
   606 | D:1      | Reached XP level 3. HP: 17/29 MP: 3/3
   918 | D:2      | Noticed Jessica
   931 | D:2      | Killed Jessica
   932 | D:2      | Reached skill level 3 in Axes
   963 | D:2      | Reached XP level 4. HP: 37/37 MP: 4/4
  1098 | D:2      | Found a runed translucent door.
  1098 | D:2      | Noticed a human
  1099 | D:2      | Found a basalt altar of Yredelemnul.
  1120 | D:2      | Killed a human
  1121 | D:2      | Reached skill level 4 in Axes
  1121 | D:2      | Gained mutation: You have a pair of horns on your head.
                  | [demonic ancestry]
  1121 | D:2      | Reached XP level 5. HP: 22/42 MP: 3/5
  1137 | D:2      | Became a worshipper of Yredelemnul the Dark
  1832 | D:2      | Found a sparkling altar of Nemelex Xobeh.
  1971 | D:3      | Noticed Sigmund
  1987 | D:3      | Killed Sigmund
  1988 | D:3      | Reached skill level 5 in Axes
  1988 | D:3      | Gained mutation: You regenerate magic rapidly. [demonic
                  | ancestry]
  1988 | D:3      | Reached XP level 6. HP: 18/48 MP: 3/6
  2565 | D:3      | Reached skill level 6 in Axes
  2597 | D:3      | Reached * piety under Yredelemnul
  2907 | D:3      | Found a white marble altar of Elyvilon.
  2907 | D:3      | Found a shimmering altar of Xom.
  2907 | D:3      | Found a stormy altar of Qazlal.
  2907 | D:3      | Found a basalt altar of Yredelemnul.
  2925 | D:3      | Found an ancient bone altar of Kikubaaqudgha.
  2930 | D:3      | Found an ornate altar of the Wu Jian Council.
  3292 | D:4      | Reached XP level 7. HP: 55/55 MP: 7/7
  3389 | D:4      | Found a sand-covered staircase.
  3399 | Ossuary  | Entered an ossuary
  3680 | D:4      | Reached ** piety under Yredelemnul
  3828 | D:5      | Entered Level 5 of the Dungeon
  3835 | D:5      | Reached skill level 7 in Axes
  4334 | D:4      | Noticed Menkaure
  4340 | D:4      | HP: 1/55 [Menkaure (14)]
  4656 | D:4      | Gained mutation: You occasionally shout uncontrollably at
                  | your foes. [potion of mutation]
  4656 | D:4      | Gained mutation: Your spells are a little harder to cast,
                  | but a little more powerful. [potion of mutation]
  4657 | D:4      | Lost mutation: You occasionally shout uncontrollably at
                  | your foes. [potion of mutation]
  4657 | D:4      | Lost mutation: Your spells are a little harder to cast, but
                  | a little more powerful. [potion of mutation]
  4657 | D:4      | Gained mutation: You have a beak for a mouth. [potion of
                  | mutation]
  4657 | D:4      | Gained mutation: Scrolls take you a little longer to read.
                  | [potion of mutation]
  4657 | D:4      | Gained mutation: You are robust. (+10% HP) [potion of
                  | mutation]
  5005 | D:4      | Killed Menkaure
  5626 | D:5      | Reached skill level 1 in Invocations
  5630 | D:5      | Gained mutation: You have a pair of large horns on your
                  | head. [demonic ancestry]
  5630 | D:5      | Reached XP level 8. HP: 67/67 MP: 8/8
  5957 | D:5      | Reached skill level 5 in Fighting
  5988 | D:5      | Found Konuriwu's Antique Weapon Emporium.
  6002 | D:5      | Reached skill level 8 in Axes
  6069 | D:5      | Found an iron altar of Okawaru.
  6070 | D:5      | Noticed Blork the orc
  6075 | D:5      | Killed Blork the orc
  6343 | D:6      | Noticed Edmund
  6373 | D:6      | Killed Edmund
  6531 | D:6      | Found Kap Tanorch's Mass Market.
  6566 | D:6      | Reached *** piety under Yredelemnul
  6655 | D:6      | Received a gift from Yredelemnul (a wight)
  6683 | D:6      | Gained mutation: A weak demonic guardian rushes to your
                  | aid. [demonic ancestry]
  6683 | D:6      | Reached XP level 9. HP: 69/74 MP: 10/10
  6740 | D:6      | Reached skill level 9 in Axes
  6825 | D:6      | Found a staircase to the Ecumenical Temple.
  7075 | D:6      | Found a shadowy altar of Dithmenos.
  7105 | D:6      | Noticed Grinder
  7147 | D:6      | Killed Grinder
  7570 | D:6      | Found a shimmering blue altar of Sif Muna.
  8128 | D:7      | Reached skill level 5 in Armour
  8623 | D:7      | Noticed Maggie
  8631 | D:7      | Killed Maggie
  8632 | D:7      | Reached skill level 10 in Axes
  8920 | D:8      | Found Qiomiec's Magic Scroll Emporium.
  8923 | D:8      | Received a gift from Yredelemnul (5 flying skulls)
  8933 | D:8      | Bought a scroll of brand weapon for 220 gold pieces
  8954 | D:8      | Found a flagged portal.
  8968 | Bailey   | Entered a bailey
  8985 | Bailey   | Reached **** piety under Yredelemnul
  8986 | Bailey   | Gained mutation: A demonic guardian rushes to your aid.
                  | [demonic ancestry]
  8986 | Bailey   | Reached XP level 10. HP: 75/84 MP: 12/12
  9449 | Bailey   | Received a gift from Yredelemnul (a wight)
  9494 | Bailey   | Reached skill level 5 in Shields
  9951 | Bailey   | Received a gift from Yredelemnul (5 flying skulls)
 10399 | D:8      | Got a brightly glowing robe
 10414 | D:8      | Identified the +1 robe of Cowardice {rPois} (You found it
                  | on level 8 of the Dungeon)
 11247 | D:9      | Reached ***** piety under Yredelemnul
 11248 | D:9      | Received a gift from Yredelemnul (a wight)
 11422 | D:9      | Reached skill level 11 in Axes
 11515 | D:9      | Found a sacrificial altar of Ru.
 11691 | D:10     | Entered Level 10 of the Dungeon
 11827 | D:10     | Noticed e0n's ghost (journeyman DsNe)
 11949 | D:10     | Noticed a cyclops
 11957 | D:10     | Killed a cyclops
 12017 | D:10     | Noticed a two-headed ogre
 12025 | D:10     | Killed a two-headed ogre
 12026 | D:10     | Gained mutation: You are partially covered in rugged brown
                  | scales. (AC +1, +3% HP) [demonic ancestry]
 12026 | D:10     | Reached XP level 11. HP: 65/97 MP: 10/14
 12226 | D:10     | Found a runed translucent gate.
 12226 | D:10     | Found a runed translucent gate.
 12226 | D:10     | Found a runed translucent gate.
 12294 | D:10     | Found a staircase to the Lair.
 12327 | D:10     | Received a gift from Yredelemnul (a vampire)
 13318 | D:10     | Received a gift from Yredelemnul (a phantasmal warrior)
 13319 | D:10     | Reached skill level 12 in Axes
 13330 | D:10     | Killed e0n's ghost
 13419 | D:11     | Noticed a four-headed hydra
 13424 | D:11     | Killed a six-headed hydra
 13505 | D:11     | Found a runed translucent gate.
 13505 | D:11     | Found a runed translucent gate.
 13505 | D:11     | Found a runed translucent gate.
 13506 | D:11     | Noticed swarr's ghost (journeyman GrFi)
 13525 | D:11     | Killed swarr's ghost
 13611 | D:11     | Received a gift from Yredelemnul (a wight)
 13678 | D:11     | Noticed an eight-headed hydra
 13692 | D:11     | Killed a nine-headed hydra
 14010 | D:11     | Reached ****** piety under Yredelemnul
 14163 | D:11     | Got a fine broad axe
 14164 | D:11     | Identified the +9 broad axe "Fyaschu" {vorpal, rF++ rC++
                  | Int-5 SInv} (You found it on level 11 of the Dungeon)
 14265 | D:8      | Bought a scroll of remove curse for 33 gold pieces
 14265 | D:8      | Bought a scroll of remove curse for 33 gold pieces
 14352 | D:11     | Noticed a boulder beetle
 14360 | D:11     | Killed a boulder beetle
 14361 | D:11     | Reached skill level 13 in Axes
 14707 | D:11     | Noticed a two-headed ogre
 14714 | D:11     | Killed a two-headed ogre
 15169 | D:12     | Found a staircase to the Orcish Mines.
 15187 | D:12     | Found a roughly hewn altar of Beogh.
 15193 | D:12     | Received a gift from Yredelemnul (a phantasmal warrior)
 15428 | D:12     | Noticed a six-headed hydra
 15435 | D:12     | Killed a six-headed hydra
 15436 | D:12     | Gained mutation: You are mostly covered in rugged brown
                  | scales. (AC +2, +5% HP) [demonic ancestry]
 15436 | D:12     | Reached XP level 12. HP: 93/109 MP: 13/15
 15565 | D:12     | Noticed Psyche
 15568 | D:12     | You fall into a shaft and drop 1 floor!
 15615 | D:12     | Killed Psyche
 15718 | D:12     | Received a gift from Yredelemnul (a phantasmal warrior)
 15886 | D:13     | Noticed a centaur warrior
 15895 | D:13     | Killed a centaur warrior
 15895 | D:13     | Enslaved a centaur warrior
 16257 | D:13     | Reached skill level 5 in Invocations
 16283 | D:13     | Reached XP level 13. HP: 116/116 MP: 15/19
 16417 | D:13     | Received a gift from Yredelemnul (a skeletal warrior)
 16455 | D:13     | Got a steaming morningstar
 16458 | D:13     | Identified the +3 morningstar of Equivalence {speed, rElec
                  | rN+ Str-3 Int+5} (You found it on level 13 of the Dungeon)
 17012 | D:14     | Noticed Rupert
 17021 | D:14     | Paralysed by Rupert for 6 turns
 17021 | D:14     | Killed Rupert
 17021 | D:14     | Enslaved Rupert
 17055 | D:14     | Noticed a fire dragon
 17061 | D:14     | Received a gift from Yredelemnul (a skeletal warrior)
 17064 | D:14     | Killed a fire dragon
 17069 | D:14     | Received a gift from Yredelemnul (a wraith)
 17072 | D:14     | Reached skill level 14 in Axes
 17305 | D:14     | Reached skill level 10 in Fighting
 17621 | D:14     | Noticed Josephine
 17622 | D:14     | Noticed Louise
 17636 | D:14     | Killed Josephine
 17638 | D:14     | Killed Louise
 17639 | D:14     | Received a gift from Yredelemnul (a phantasmal warrior)
 17861 | D:14     | Found a gate to the Vaults.
 18133 | Lair:1   | Entered Level 1 of the Lair of Beasts
 18302 | Lair:1   | Received a gift from Yredelemnul (a vampire knight)
 18460 | Lair:1   | Found a stormy altar of Qazlal.
 18471 | Lair:1   | Reached skill level 10 in Invocations
 18683 | Lair:1   | Reached XP level 14. HP: 121/127 MP: 19/21
 18685 | Lair:1   | Received a gift from Yredelemnul (a wraith)
 19052 | Lair:2   | Received a gift from Yredelemnul (a skeletal warrior)
 19205 | Lair:2   | Found a staircase to the Shoals.
 19248 | Lair:2   | Identified a scroll of acquirement
 19254 | Lair:2   | Acquired the +2 cloak of the Elven Halls {rElec rPois rC+
                  | Dex+4}
 19374 | Lair:2   | Found a hole to the Spider Nest.
 19548 | Lair:2   | Got a sparkling steel ring
 19551 | Lair:2   | Identified the ring "Vuelao" {rC- AC+4 Str+3 Int+4} (You
                  | found it on level 2 of the Lair of Beasts)
 19629 | Lair:2   | Got a twisted dagger
 19632 | Lair:2   | Identified the +3 dagger of the Establishment {drain, rC+}
                  | (You found it on level 2 of the Lair of Beasts)
 19659 | Lair:2   | Received a gift from Yredelemnul (a ghoul)
 20351 | Lair:3   | Received a gift from Yredelemnul (a vampire)
 20560 | Lair:3   | Reached skill level 15 in Axes
 20761 | Lair:3   | Got a scorched cloak
 20764 | Lair:3   | Identified the cursed +0 cloak of Hide-and-Seek {Harm rF+}
                  | (You found it on level 3 of the Lair of Beasts)
 21031 | Lair:4   | Received a gift from Yredelemnul (a bone dragon)
 21707 | Lair:4   | Received a gift from Yredelemnul (a ghoul)
 22212 | Lair:5   | Received a gift from Yredelemnul (a vampire)
 22214 | Lair:5   | Found a staircase to the Slime Pits.
 22317 | Lair:5   | Acquired 724 gold pieces
 22419 | Lair:5   | Reached skill level 10 in Shields
 22592 | Lair:5   | Received a gift from Yredelemnul (a skeletal warrior)
 22665 | Lair:5   | Found a burning altar of Makhleb.
 23356 | Orc:1    | Entered Level 1 of the Orcish Mines
 23445 | Orc:1    | Found a transporter.
 23455 | Orc:1    | Found a transporter.
 23455 | Orc:1    | Found a runed translucent door.
 23455 | Orc:1    | Found a bloodstained altar of Trog.
 23456 | Orc:1    | Found the cursed necklace of Bloodlust {*Rage +Rage Will++
                  | Int-3 Slay+6 *Curse}
 23457 | Orc:1    | Noticed a deep elf sorcerer
 23472 | Orc:1    | Noticed a deep elf elementalist
 23474 | Orc:1    | Noticed a stone giant
 23494 | Orc:1    | Noticed a deep elf sorcerer
 23495 | Orc:1    | Noticed a deep elf sorcerer
 23502 | Orc:1    | Noticed a deep elf elementalist
 23505 | Orc:1    | HP: 6/129 [orc knight/+3 great sword (19)]
 23534 | Orc:1    | HP: 5/129 [two-headed ogre/+0 giant club (21)]
 23535 | Orc:1    | Annihilated by a stone giant

Illustrated notes

Levels and vault maps discovered:
D:1:      matt_arrival_los_fun, layout_basic
D:2:      layout_basic, lemuel_coloured_pillars_altar, dk_yredelemnul_ordeal,
          uniq_jessica
D:3:      minmay_chambers_of_threes, layout_basic, minmay_overflow_temple_hex,
          uniq_sigmund
D:4:      layout_basic, enter_ossuary_1, uniq_menkaure
D:5:      layout_loops_cross, okawaru_ov_weapons_minmay, serial_shops,
          nicolae_shop_competitors_out_of_business, kennysheep_generic_room_16,
          uniq_blork_the_orc
D:6:      layout_loops_ring, marbit_many_paths, tgw_sif,
          minmay_temple_entry_grid, minmay_shop_mass, uniq_grinder, uniq_edmund
D:7:      layout_rooms, eino_tiny_chamber, uniq_maggie
D:8:      layout_cave_pods, serial_shops, shop, enter_bailey_5
D:9:      layout_cave_pools, nicolae_ru_path_of_blood, minmay_misc_feat_encased
D:10:     layout_layer_cave, grunt_lair_entry_orc_guard_hut, gammafunk_ghost_icy
D:11:     layout_basic, gammafunk_ghost_necromancy
D:12:     layout_basic, minmay_orc_entry_temple_small, uniq_psyche
D:13:     layout_rooms
D:14:     layout_roguey, erik_vaults_1, chequers_mini_garden, uniq_rupert,
          uniq_louise, uniq_josephine
Lair:1:   layout_misc_corridors, lemuel_oklob_altar, infiniplex_staircase_pool_2
Lair:2:   layout_chaotic_city, elwin_shoals_entry_rooms,
          nicolae_spider_entry_orb_guardian, serial_rivers,
          chequers_serial_rivers_room_a, chequers_serial_rivers_micro_a,
          chequers_serial_rivers_micro_c, chequers_serial_rivers_micro_e,
          chequers_serial_rivers_micro_e, kennysheep_rathole
Lair:3:   minmay_lair_oklob_tunnel, layout_small_grid
Lair:4:   layout_gridlike, grunt_forest_stairs_clearing
Lair:5:   layout_hall_layers, slime_dummy, basic_altar
Orc:1:    emtedronai_trogs_sanctum, layout_caves,
          gammafunk_ghost_berserking_beasts

Skill      XL: |  1  2  3  4  5  6  7  8  9 10 11 12 13 14 |
---------------+-------------------------------------------+-----
Axes           | 2 3 4 5 6 7 8 10 11 13 14 15 | 15.7
Fighting       | 4 5 6 7 9 10 11 | 11.1
Armour         | 3 4 5 |  5.9
Invocations    | 1 2 3 4 9 10 | 10.5
Shields        | 3 4 6 7 8 10 | 10.3
Earth Magic    | 3 |  3.3
Poison Magic   | 3 |  3.7

Action                   |  1- 3 |  4- 6 |  7- 9 | 10-12 | 13-15 || total
-------------------------+-------+-------+-------+-------+-------++-------
Melee: War axe           |    76 |   100 |   373 |   296 |       ||   845
       Headbutt          |     5 |    17 |    67 |    91 |    71 ||   251
       Peck              |       |       |    47 |    78 |    70 ||   195
       Broad axe         |       |       |       |    77 |   285 ||   362
Throw: Stone             |     4 |       |     3 |     1 |       ||     8
       Dart              |       |    10 |    23 |    41 |       ||    74
Invok: Animate Remains   |       |       |     7 |       |       ||     7
       Animate Dead      |       |       |     4 |    12 |     3 ||    19
       Recall Undead Sla |       |       |     2 |     9 |     6 ||    17
       Enslave Soul      |       |       |       |     1 |     1 ||     2
       Drain Life        |       |       |       |       |     3 ||     3
  Use: Potion            |       |     1 |     8 |     3 |    10 ||    22
       Scroll            |       |     4 |     9 |     8 |    18 ||    39
 Stab: Distracted        |       |       |     2 |     6 |     5 ||    13
       Paralysed         |       |       |       |       |     2 ||     2
Armor: Scale mail        |    37 |    36 |   104 |   119 |   187 ||   483
       Acid dragon scale |       |       |     5 |    40 |       ||    45
Dodge: Dodged            |    16 |    29 |    82 |   122 |   113 ||   362
Block: Kite shield       |    40 |    41 |   164 |   209 |   235 ||   689
